 Dungeon Crawl Stone Soup version 0.30-a0-691-g754fce4c43 (webtiles) character file.

Game seed: 4171226872132695607

11 Absynth the Ruffian (level 2, -6/25 HPs)
             Began as a Naga Transmuter on Jan 19, 2023.
             Mangled by a gnoll
             ... wielding a +0 spear
              (7 damage)
             ... on level 1 of the Dungeon.
             The game lasted 00:00:55 (316 turns).

Absynth the Ruffian (Naga Transmuter)                Turns: 316, Time: 00:00:56

Health: -6/25      AC:  1    Str: 12    XL:     2   Next: 29%
Magic:  4/5        EV: 10    Int: 13    God:
Gold:   29         SH:  0    Dex: 11    Spells: 4/5 levels left

rFire   . . .      SeeInvis +      - Unarmed
rCold   . . .      Faith    .    (no shield)
rNeg    . . .      Spirit   .    a - +0 robe
rPois   +          Reflect  .    (helmet currently unavailable)
rElec   .          Harm     .    (no cloak)
rCorr   .          Rampage  .    (no gloves)
Will    .....                    (no barding)
Stlth   +                        (no amulet)
HPRegen 0.24/turn                (no ring)
MPRegen 0.09/turn                (no ring)

@: appendages (expiring), very slow
A: horns 2, AC +0, large, see invisible, deformed body, poison resistance,
slowness 2, spit poison 1, naga tail 1
a: Spit Poison, End Transformation


You were on level 1 of the Dungeon.
You had temporarily grown beastly horns.
You visited 1 branch of the dungeon, and saw 1 of its levels.

You collected 29 gold pieces.

Inventory:

Armour
 a - a +0 robe (worn)
Potions
 b - 2 potions of lignification


   Skills:
 - Level 1.0 Fighting
 + Level 1.7 Dodging
 + Level 1.1 Stealth
 + Level 3.1 Unarmed Combat
 + Level 2.1 Spellcasting
 + Level 2.1 Transmutations


You had 4 spell levels left.
You knew the following spells:

 Your Spells              Type           Power      Damage    Failure   Level
a - Beastly Appendage     Tmut           14%        N/A       11%         1

Your spell library contained the following spells:

 Spells                   Type           Power      Damage    Failure   Level
 Wereblood                Tmut           7%         N/A       16%         2
 Cigotuvi's Dreadful Rot  Necr/Pois/Air  2%         N/A       36%         2
 Poisonous Vapours        Pois/Air       2%         N/A       36%         2
 Spider Form              Tmut/Pois      4%         N/A       43%         3
 Mephitic Cloud           Conj/Pois/Air  1%         N/A       58%         3
 Ice Form                 Ice/Tmut       4%         N/A       85%         4


Dungeon Overview and Level Annotations

Branches:
Dungeon (1/15)

Altars:


Innate Abilities, Weirdness & Mutations

You have temporarily grown beastly horns.
Your serpentine skin is tough. (AC +0)
You have supernaturally acute eyesight. (SInv)
Armour fits poorly on your strangely shaped body.
Your system is resistant to poisons. (rPois)
You cover ground very slowly.
You can spit poison.
You have a snake-like lower body.


Message History

The giant cockroach waves its antennae.
You see here a book of Vapours.
You pick up a book of Vapours and begin reading...
You add the spells Poisonous Vapours, Cigotuvi's Dreadful Rot and Mephitic Cloud to your library.
Casting: Beastly Appendage (safe; 11% risk of failure)
Confirm with . or Enter, or press ? or * to list all spells.
You grow a pair of large bovine horns.
The giant cockroach bites you.
You barely miss the giant cockroach.
Your headbutt misses the giant cockroach.
The giant cockroach closely misses you. The hobgoblin barely misses you.
A gnoll comes into view. It is wielding a +0 spear.
You barely miss the giant cockroach. The giant cockroach misses you.
The hobgoblin closely misses you. The rat bites you.
The gnoll shouts!
You hit the giant cockroach.
The giant cockroach is lightly wounded.
The giant cockroach bites you. The hobgoblin hits you.
The rat closely misses you.
You hit the giant cockroach. You headbutt the giant cockroach.
You kill the giant cockroach!
The rat closely misses you. The hobgoblin hits you.
Your transformation is almost over.
The rat barely misses you. The hobgoblin hits you.
You are too injured to fight recklessly!
You are too injured to fight recklessly!
You are too injured to fight recklessly!
You closely miss the hobgoblin. You punch the hobgoblin.
The hobgoblin is almost dead.
The hobgoblin hits you. The rat bites you.
You hit the hobgoblin.
You kill the hobgoblin!
The rat barely misses you.
The gnoll hits you from afar with a +0 spear.
* * * LOW HITPOINT WARNING * * *
You hit the rat.
You kill the rat!
The gnoll hits you from afar with a +0 spear.
* * * LOW HITPOINT WARNING * * *
The gnoll hits you with a +0 spear!
You die...

## #. #. #. ########
##### #. #.†....####...#
#.
#######.............###.
......g@................
........#........#......
........#........#....##
........#.....##.#....#
........#........#....##
........#........#......
........######...##...##
......... ###.##...#
........


You could see a gnoll.

Vanquished Creatures
  A ball python (D:1)
  A giant cockroach (D:1)
  3 hobgoblins (D:1)
  2 bats (D:1)
  2 frilled lizards (D:1)
  3 rats (D:1)
12 creatures vanquished.

Notes
Turn   | Place    | Note
-------+----------+-------------------------------------------
     0 | D:1      | Absynth the Naga Transmuter began the quest for the Orb.
     0 | D:1      | Reached XP level 1. HP: 18/18 MP: 3/3
   149 | D:1      | Reached skill level 1 in Stealth
   149 | D:1      | Reached XP level 2. HP: 8/25 MP: 3/5
   315 | D:1      | HP: 1/25 [gnoll/+0 spear (6)]
   316 | D:1      | Mangled by a gnoll

Illustrated notes

Levels and vault maps discovered:
D:1:      lightli_arrival_farm, layout_basic,
          dreamdust_ecumenical_altar_statues, palyth_stone_intersect

Skill      XL: |  1 |
---------------+----+-----
Stealth        | 1 |  1.1
Fighting       | |  1.0
Dodging        | |  1.7
Unarmed Combat | |  3.1
Spellcasting   | |  2.1
Transmutations | |  2.1

Action                   || total
-------------------------++-------
Melee: Unarmed           ||    28
       Headbutt          ||     5
       Punch             ||     2
 Cast: Beastly Appendage ||     5
Armor: Robe              ||     4
Dodge: Dodged            ||    17

Table legend: (Time is in decaauts)
 A = Elapsed time spent in this place.
 B = Non-inter-level travel time spent in this place.
 C = Inter-level travel time spent in this place.
 D = Time resting spent in this place.
 E = Time spent auto-exploring this place.
 F = Levels seen in this place.
 G = Mean time per level.
                   A        B        C        D        E       F      G
               +--------+--------+--------+--------+--------+-----+--------+
         Total |    374 |    374 |      0 |    107 |    191 |   1 |  374.0 |
       Dungeon |    374 |    374 |      0 |    107 |    191 |   1 |  374.0 |
               +--------+--------+--------+--------+--------+-----+--------+

Top non-repeatable levels by time:
     D:1: 374 daAuts
